 Dungeon Crawl Stone Soup version 0.31-a0-750-gfe7b580527 (webtiles) character file.

Game seed: 3617909658070051536

14 cforsyth the Sneak (level 2, -2/25 HPs)
             Began as a Djinni Delver on Sept 14, 2023.
             Slain by an orc
             ... wielding a +0 trident
              (6 damage)
             ... on level 4 of the Dungeon.
             The game lasted 00:01:57 (340 turns).

cforsyth the Sneak (Djinni Delver)                   Turns: 340, Time: 00:01:58

Health: -2/25      AC:  3    Str: 11    XL:     2   Next: 60%
Gold:   0          EV: 12    Int: 11    God:
                   SH:  0    Dex: 14

rFire   + + .        a - +0 falchion
rCold   x . .        (no shield)
rNeg    . . .        b - +0 leather armour
rPois   ∞            (no helmet)
rElec   .            (no cloak)
rCorr   .            (no gloves)
SInv    .            (boots unavailable)
Will    .....        (no amulet)
Stlth   ++           (no ring)
HPRegen 0.24/turn    (no ring)
MPRegen 0.00/turn

%: infuse magic (-3 HP)
@: flying
A: sickness immunity, fire resistance 2, cold vulnerability 1, float, innate
caster, HP casting, extra vitality 1
a: no special abilities


You were on level 4 of the Dungeon.
You visited 1 branch of the dungeon, and saw 2 of its levels.

Inventory:

Hand Weapons
 a - a +0 falchion (weapon)
Armour
 b - a +0 leather armour (worn)
Wands
 g - a wand of digging (3)
Scrolls
 c - a scroll of fog
 d - a scroll of revelation
Potions
 f - a potion of haste


   Skills:
 + Level 3.3 Fighting
 - Level 1.7 Long Blades
 - Level 2.1 Dodging
 - Level 4.1 Stealth
 + Level 0.8 Spellcasting
 + Level 0.8 Conjurations
 + Level 0.8 Hexes
   Level 0.0 Charms
 + Level 0.8 Summonings
 + Level 0.8 Necromancy
 + Level 0.8 Translocations
 + Level 0.8 Transmutations
 + Level 0.8 Fire Magic
 + Level 0.8 Ice Magic
 + Level 0.8 Air Magic
 + Level 0.8 Earth Magic
 + Level 0.8 Poison Magic You didn't know any spells. Your spell library was empty.

Dungeon Overview and Level Annotations

Branches:
Dungeon (5/15)
 Temple: D:4-7

Altars:
Ashenzari
Xom

Annotations:
D:5 Duvessa


Innate Abilities, Weirdness & Mutations

You are immune to sickness and miasma.
You are immune to poison.
Your flesh is very heat resistant. (rF++)
You are vulnerable to cold. (rC-)
You float through the air rather than walking.
You learn spells naturally, not from books.
Your magical power is your life essence.
You have superior vitality. (+4 MHP)


Message History

You closely miss the orc wizard.
The orc wizard is severely wounded.
The orc hits you from afar with a +0 trident.
The orc hits you with a +0 hand axe.
The orc wizard hits you but does no damage.
The orc hits you with a +0 hand axe.
* * * LOW HITPOINT WARNING * * *
The orc closely misses you.
Okay, then.
Unknown command.
The orc wizard points at you and mumbles some strange words.
You resist with significant effort.
Okay, then.
As you read the scroll of fear, it crumbles to dust.
You assume a fearsome visage.
The orc wizard looks frightened!
The orc looks frightened! x2
The orc wizard gestures wildly while chanting.
The orc wizard flickers and vanishes!
Deactivating autopickup; reactivate with Ctrl-A.
You closely miss the orc. The orc hits you with a +0 war axe!
* * * LOW HITPOINT WARNING * * *
You barely miss the orc. The orc misses you.
You barely miss the orc. The orc misses you.
You hit the orc but do no damage. The orc hits you with a +0 war axe.
* * * LOW HITPOINT WARNING * * *
The orc barely misses you.
You closely miss the orc. The orc hits you but does no damage.
You closely miss the orc. The orc misses you.
You slash the orc!
You kill the orc!
An orc is nearby!
The orc closely misses you.
The orc hits you from afar with a +0 trident.
* * * LOW HITPOINT WARNING * * *
The orc hits you with a +0 trident.
* * * LOW HITPOINT WARNING * * *
Things that are here:
a +0 war axe; a +0 scale mail You closely miss the orc.
The orc hits you with a +0 trident.
You die...

#........††.o........
#.#######o##.........
#.# #.##.........
####.#######.##.........
#.......o.....+..o.o....
####.##########.........
#.# #.........
#.##########..)......
#....o@...###........
#########.# #.##....# #
#.# .##.# ..# .# .#


You could see an orc.

Vanquished Creatures
  An ufetubus (D:4)
  A dart slug (D:4)
  An orc (D:4)
  An endoplasm (D:4)
  A hobgoblin (D:4)
  A quokka (D:4)
6 creatures vanquished.

Notes
Turn   | Place    | Note
-------+----------+-------------------------------------------
     0 | D:5      | cforsyth the Djinni Delver began the quest for the Orb.
     0 | D:5      | Reached XP level 1. HP: 20/20 MP: 0/0
    10 | D:5      | Noticed an iguana
    53 | D:5      | Noticed Duvessa
    97 | D:4      | Noticed an iguana
   115 | D:4      | Found a broken altar of Ashenzari.
   179 | D:4      | Found a shimmering altar of Xom.
   215 | D:4      | Reached XP level 2. HP: 25/25 MP: 0/0
   297 | D:4      | HP: 1/25 [orc/+0 war axe (4)]
   340 | D:4      | Slain by an orc

Illustrated notes

Levels and vault maps discovered:
D:4:      layout_basic, lemuel_coloured_pillars_altar, general_overflow_altar
D:5:      layout_basic, mainiacjoe_overflow_alcove_2, uniq_duvessa

Action                     || total
---------------------------++-------
  Melee: Falchion          ||    22
    Use: Scroll            ||     1
 Armour: Leather armour    ||    20
  Dodge: Dodged            ||    10

Table legend: (Time is in decaauts)
 A = Elapsed time spent in this place.
 B = Non-inter-level travel time spent in this place.
 C = Inter-level travel time spent in this place.
 D = Time resting spent in this place.
 E = Time spent auto-exploring this place.
 F = Levels seen in this place.
 G = Mean time per level.
                   A        B        C        D        E       F      G
               +--------+--------+--------+--------+--------+-----+--------+
         Total |    344 |    344 |      0 |      0 |    100 |   2 |  172.0 |
       Dungeon |    344 |    344 |      0 |      0 |    100 |   2 |  172.0 |
               +--------+--------+--------+--------+--------+-----+--------+

Top non-repeatable levels by time:
     D:4: 268 daAuts
     D:5: 76 daAuts
